[Event "*** SCC Grand Prix: Titled Tuesday Blitz"]
[Site "Chess.com"]
[Date "2020.07.14"]
[Round "3"]
[White "Stosk"]
[Black "mr65"]
[Result "1-0"]
[WhiteElo "2353"]
[BlackElo "2096"]
[TimeControl "180+1"]
[EndTime "10:29:21 PDT"]
[Termination "Stosk won on time"]

1. e4 e5 2. f4 d5 3. exd5 c6 4. dxc6 Nxc6 5. Nf3 e4 6. Qe2 f5 7.
d3 Nf6 8. Nc3 Bb4 9. Bd2 O-O 10.
dxe4 Bxc3 11. Qc4+ Kh8 12. Bxc3 Nxe4 13. Be2 Re8 14. O-O Qb6+ 15. Bd4 Nxd4 16. Qxd4 Nd2 17.
Qxb6 axb6 18. Nxd2 Rxe2 19. Rf2 Rxf2 20. Kxf2 Be6 21.
a3 Bd5 22. c4 Bc6 23. Re1 h6 24. Nb3 Rd8 25. Re2 Rd3 26. Re3 Rd1 27. h3 Kh7 28. c5 bxc5 29. Nxc5 Rc1 30. Nd3 Rc2+ 31.
Re2 Rc4 32. g3 Be4 33. Ne5 Rc1 34. g4 Rh1 35. Kg3 Rg1+ 36. Kh2 Rh1+ 37. Kg3 Rg1+ 38.
Kh4 g6 39. Rd2 Rh1 40. Rd7+ Kg8 41. Nxg6 fxg4 42. Ne7+ Kf8 43. Kxg4 Ke8 44. Rd4 Kxe7 45. Rxe4+ Kf7 46. h4 Kf6 47. Rb4 Rg1+ 48. Kh5 Kf5 49. Kxh6 1-0

[Event "*** SCC Grand Prix: Titled Tuesday Blitz"]
[Site "Chess.com"]
[Date "2020.07.14"]
[Round "3"]
[White "vaishali2001"]
[Black "crescentmoon2411"]
[Result "0-1"]
[WhiteElo "2616"]
[BlackElo "2865"]
[TimeControl "180+1"]
[EndTime "10:29:22 PDT"]
[Termination "crescentmoon2411 won on time"]

1. e4 c5 2. Nc3 Nc6 3. Nge2 Nf6 4. d4 cxd4 5. Nxd4 e5 6. Ndb5 d6 7. Bg5 a6 8. Na3 b5 9. Bxf6 gxf6 10. Nd5 f5 11. g3 Be6 12. exf5 Bxf5 13. Bg2 Rc8 14. O-O Bg7 15. c4 Nd4 16. cxb5 axb5 17. Ne3 Bg6 18. f4 exf4 19. Rxf4 Ne6 20. Rf3 Bxb2 21. Nd5 O-O 22. Rb3 Bd4+ 23. Kh1 Qg5 24. h4 Qe5 25. Ne7+ Kg7 26.
Nxc8 Rxc8 27. Rab1 Bxb1 28. Qxb1 Be3 29. Qe4 Rc1+ 30.
Kh2 Qxe4 31. Bxe4 Nc5 32. Rxe3 b4 33. Nb5 Rd1 34. Bf3 Rd2+ 35. Re2 Rd3 36. Kg2 d5 37. Nc7 d4 38. Ne8+ Kf8 39. Nf6 Ra3 40. Nxh7+ Kg7 41. Ng5 d3 42. Rd2 Rc3 43. Ne4 Rc2 44. Rf2 Na4 0-1

[Event "*** SCC Grand Prix: Titled Tuesday Blitz"]
[Site "Chess.com"]
[Date "2020.07.14"]
[Round "3"]
[White "zajka-molotok"]
[Black "maciek_92"]
[Result "0-1"]
[WhiteElo "2408"]
[BlackElo "2640"]
[TimeControl "180+1"]
[EndTime "10:29:22 PDT"]
[Termination "maciek_92 won on time"]

1. e4 c5 2. c3 Nf6 3. e5 Nd5 4. Nf3 Nc6 5. Bc4 Nb6 6. Bb3 c4 7. Bc2 Qc7 8. Qe2 g5 9. Na3 g4 10. Nb5 Qb8 11. Ng5 Nxe5 12. O-O h6 13. Ne4 a6 14. Nd4 d5 15. Ng3 h5 16. f4 gxf3 17.
Nxf3 Bg7 18. d4 cxd3 19. Bxd3 Bg4 20. Kh1 Nbd7 21. Bf4 Bxf3 22. Rxf3 e6 23. Re3 f6 24.
Nxh5 Kf7 25. Nxg7 Kxg7 26. Re1 Qe8 27. Rg3+ Kf8 28. Bc2 Qh5 29. Qxh5 Rxh5 30. h3 Kf7 31. Rge3 Rg8 32. Rg3 Rxg3 33. Bxg3 Rh8 34. Kg1 Nc4 35. b3 Nce5 36. Re2 Nc6 37. Kf2 b5 38. Rd2 Ne7 39. Bd3 Nc5 40. Bc2 e5 41. Rd3 Ne4+ 42. Kf3 Rg8 43.
Bf2 Rc8 44. g4 Rxc3 45. Rxc3 Nxc3 46. h4 Nxa2 47. h5 Nb4 0-1

[Event "*** SCC Grand Prix: Titled Tuesday Blitz"]
[Site "Chess.com"]
[Date "2020.07.14"]
[Round "3"]
[White "Irishchessman16"]
[Black "GM_LOADING"]
[Result "0-1"]
[WhiteElo "2386"]
[BlackElo "2576"]
[TimeControl "180+1"]
[EndTime "10:29:22 PDT"]
[Termination "GM_LOADING won on time"]

1. e4 e5 2. Nf3 Nc6 3. d4 exd4 4. Nxd4 Bc5 5. Nb3 Bb6 6. Qe2 d6 7. Nc3 Nf6 8. Bg5 h6 9. Bh4 Be6 10. O-O-O Qe7 11. f3 O-O-O 12. Nd5 Bxd5 13. exd5 Qxe2 14.
Bxe2 Ne7 15. Bxf6 gxf6 16. g3 h5 17. f4 h4 18. Bg4+ Kb8 19. c4 hxg3 20. hxg3 Rhg8 21. Bh5 Rxg3 22. Bxf7 Nf5 23. Be6 Ne3 24. Rd3 a5 25. Re1 a4 26. Nd2 Rh8 27. Ne4 Rg2 28. c5 dxc5 29.
Rdxe3 Rhh2 30. Kd1 Rxb2 31. R3e2 Rb1+ 32. Kc2 Rxe1 33. Rxh2 Rxe4 34. Rh8+ Ka7 35. f5 c4 36.
Kc3 Re2 37. Kxc4 Rxa2 38. d6 cxd6 39. Rh7 a3 40. Bd5 Rc2+ 41. Kb3 a2 42. Rxb7+ Ka6 43. Rb8 a1=Q 44. Ra8+ Ba7 45. Kxc2 Qa4+ 46. Kd3 Qa3+ 0-1

[Event "*** SCC Grand Prix: Titled Tuesday Blitz"]
[Site "Chess.com"]
[Date "2020.07.14"]
[Round "3"]
[White "superchess02"]
[Black "kirillshevchenko"]
[Result "1-0"]
[WhiteElo "2671"]
[BlackElo "2923"]
[TimeControl "180+1"]
[EndTime "10:29:25 PDT"]
[Termination "superchess02 won by resignation"]

1. d4 Nf6 2. c4 g6 3. Nc3 Bg7 4. e4 d6 5. Nf3 O-O 6. Be2 e5 7. O-O Nc6 8. d5 Ne7 9. b4 a5 10. bxa5 Rxa5 11. a4 c5 12. Bd2 Ra6 13. Ne1 Nd7 14.
Ra3 f5 15. f4 exf4 16. Bxf4 Ne5 17. Nf3 Ng4 18. Nb5 fxe4 19. Ng5 Ne5 20. Nxe4 Nf5 21. g4 Nd4 22. Nxd4 cxd4 23. Bg5 Qe8 24. c5 d3 25.
Rxf8+ Qxf8 26. Rxd3 Nxd3 27. Bxd3 Rxa4 28. Qxa4 dxc5 29.
d6 Bd4+ 30. Kg2 Bxg4 31. Be2 Qc8 32. Nf6+ Bxf6 33. Bxg4 Qd8 34. Bxf6 Qxf6 35. Qa8+ Kg7 36. Qxb7+ Kh6 37. d7 Qd4 38. Qf3 Qd2+ 39. Kg3 Qe1+ 40. Qf2 Qc3+ 41. Kg2 Qd3 42. Qh4+ Kg7 43. Qe7+ Kh6 44.
d8=Q 1-0

[Event "*** SCC Grand Prix: Titled Tuesday Blitz"]
[Site "Chess.com"]
[Date "2020.07.14"]
[Round "3"]
[White "praveenb2002"]
[Black "Slovak_fighter2000"]
[Result "0-1"]
[WhiteElo "2708"]
[BlackElo "2443"]
[TimeControl "180+1"]
[EndTime "10:29:26 PDT"]
[Termination "Slovak_fighter2000 won by resignation"]

1. d4 Nf6 2. c4 e6 3. Nc3 Bb4 4. Qc2 O-O 5. a3 Bxc3+ 6. Qxc3 b6 7. Bg5 Bb7 8. f3 h6 9. Bh4 d6 10. e3 Nbd7 11. Bd3 c5 12. Ne2 cxd4 13. exd4 a6 14. O-O Qc7 15. Rac1 Rac8 16. Qd2 Rfe8 17. Kh1 Qb8 18. Bb1 e5 19. Rfd1 e4 20. fxe4 Bxe4 21.
Bxe4 Nxe4 22. Qd3 Ndf6 23. Rf1 b5 24. b3 bxc4 25. bxc4 Qb2 26. Rc2 Qb6 27. Nf4 g5 28. Qf3 gxh4 29. Nh5 Qxd4 30. Re2 Nxh5 31. Qxf7+ Kh8 32.
Qxh5 Re6 33. Ree1 Rce8 34. Re2 Ng3+ 35. hxg3 Rxe2 36. Qxh6+ Kg8 37. gxh4 Qg7 38. Qxg7+ Kxg7 39. Rf4 R2e4 40. Rf3 Rxh4+ 41. Kg1 Rh6 42. Rg3+ Rg6 43. Rb3 Rf6 44. Rb6 d5 45. Rb7+ Rf7 46. Rb6 dxc4 47.
Rxa6 Rc7 48. Rb6 Rec8 49. Rb1 c3 50. Rc1 c2 51. Kf2 Rd7 52. Ke2 Rd1 53. Rxd1 cxd1=Q+ 54. Kxd1 Rc3 0-1

[Event "*** SCC Grand Prix: Titled Tuesday Blitz"]
[Site "Chess.com"]
[Date "2020.07.14"]
[Round "3"]
[White "jaskol95"]
[Black "blitzking1729"]
[Result "1-0"]
[WhiteElo "2409"]
[BlackElo "2568"]
[TimeControl "180+1"]
[EndTime "10:29:26 PDT"]
[Termination "jaskol95 won by resignation"]

1. d4 f5 2. c4 Nf6 3. Nc3 e6 4. g3 Be7 5. Bg2 O-O 6. Nf3 d6 7. O-O Ne4 8. Nxe4 fxe4 9. Nd2 d5 10. f3 Nc6 11. fxe4 dxc4 12. e3 b5 13. a4 Ba6 14.
e5 Rxf1+ 15. Qxf1 Nb4 16. Bxa8 Qxa8 17. axb5 Bxb5 18. b3 Nc2 19. Ra5 a6 20. bxc4 Nxe3 21. Qe2 Nxc4 22. Nxc4 Qc6 23. Ra2 Qd5 24. Ne3 Qxd4 25.
Qd2 Qe4 26. Rc2 c5 27. Ba3 Bc6 28. Bxc5 Qh1+ 29. Kf2 Qxh2+ 30. Ke1 Qg1+ 31. Nf1 Bxc5 32. Qd8+ Kf7 33. Qc7+ Kg6 34. Qxc6 Bb4+ 35. Ke2 Qd4 36.
Qc4 Qxe5+ 37. Kf2 Bc5+ 38. Qxc5 Qf6+ 39. Kg2 e5 40. Qc6 Kg5 41. Qxf6+ gxf6 42. Ra2 f5 43. Rxa6 e4 44. Ra5 Kg4 45. Ne3+ Kg5 46. Rxf5+ Kg6 47. Rf4 h5 48. Rxe4 h4 49. Rxh4 Kg5 50. Kf3 Kg6 51.
Kf4 1-0

[Event "*** SCC Grand Prix: Titled Tuesday Blitz"]
[Site "Chess.com"]
[Date "2020.07.14"]
[Round "3"]
[White "GMaka"]
[Black "regular_legs"]
[Result "0-1"]
[WhiteElo "2328"]
[BlackElo "2520"]
[TimeControl "180+1"]
[EndTime "10:29:26 PDT"]
[Termination "regular_legs won by resignation"]

1. d4 Nf6 2. Bg5 Ne4 3. Bf4 c5 4. f3 Qa5+ 5. c3 Nf6 6. d5 d6 7. e4 e6 8. Na3 exd5 9. exd5 Be7 10. Bb5+ Nbd7 11. Qe2 O-O 12. O-O-O Re8 13. Kb1 Bf8 14.
Qf2 a6 15. Bxd7 Bxd7 16. g4 b5 17. Qg3 Qc7 18. Nc2 a5 19. h4 Qb7 20. Bxd6 Nxd5 21. Bxf8 Rxf8 22. Qd6 Be6 23. Qxc5 b4 24. c4 Rfc8 25.
Qb5 Qxb5 26. cxb5 Rxc2 27. Kxc2 Ne3+ 28. Kd2 Nxd1 29. Kxd1 Bxa2 30. Ne2 a4 31. Kd2 Bc4 32. Nd4 Rd8 33. Ke3 Re8+ 34. Kf4 a3 35. bxa3 bxa3 36.
Ra1 a2 37. Nf5 Rd8 38. Ne7+ Kf8 39. Nc6 Rd6 40. Na5 Be6 41. Nb7 Rd4+ 42. Ke5 Rb4 43.
Nc5 Rxb5 44. Kd6 Bc4 45. Kc6 Rb1 46. Nd7+ Ke7 47. Rxb1 0-1

[Event "*** SCC Grand Prix: Titled Tuesday Blitz"]
[Site "Chess.com"]
[Date "2020.07.14"]
[Round "3"]
[White "IgotJinxed"]
[Black "Vladislav_Chizhikov"]
[Result "1/2-1/2"]
[WhiteElo "2173"]
[BlackElo "2454"]
[TimeControl "180+1"]
[EndTime "10:29:26 PDT"]
[Termination "Game drawn by repetition"]

1. d4 d5 2. c4 e5 3. dxe5 d4 4. Nf3 Nc6 5. g3 Be6 6. b3 Qd7 7. Bg2 O-O-O 8. O-O Bh3 9. Bb2 h5 10. Nbd2 h4 11. Ne4 hxg3 12. fxg3 Bxg2 13. Kxg2 Qh3+ 14. Kg1 Nxe5 15. Rf2 Ng4 16. Qd3 Nxf2 17. Nxf2 Qd7 18. Ne5 Qe6 19. Nf3 c5 20. b4 Nf6 21. bxc5 Bxc5 22.
Ng5 Qd7 23. Nxf7 Qxf7 24. Qf5+ Kb8 25. Qxc5 Rh5 26. Qa3 Qe6 27. Qd3 Qe3 28. Rd1 Qxd3 29. Rxd3 Ra5 30. Bxd4 Rxa2 31. Bxa7+ Kc8 32. Bd4 Rxe2 33.
Bxf6 Rxd3 34. Nxd3 gxf6 35. h4 Rc2 36. Nf4 Rxc4 37.
h5 Rc7 38. Ne6 Rh7 39. g4 b5 40. Kf2 Kb7 41. Nf8 Rh8 42. Ng6 Rh6 43. Ne7 Ka6 44. Ke3 Rh7 45. Nd5 Rf7 46. h6 Kb7 47. Kd4 Kc6 48.
h7 Rxh7 49. Nxf6 Rh1 50. g5 Rg1 51. Ne4 Rg4 52. Kd3 Kb6 53. Ke3 Kc6 54. Kd3 Rg1 55. Kd4 Rg2 56. Kd3 Kd5 57. Nc3+ Kc6 58. Ne4 Rg1 59. Kd4 1/2-1/2

[Event "*** SCC Grand Prix: Titled Tuesday Blitz"]
[Site "Chess.com"]
[Date "2020.07.14"]
[Round "3"]
[White "124chess"]
[Black "FabianoCaruana"]
[Result "0-1"]
[WhiteElo "2686"]
[BlackElo "3015"]
[TimeControl "180+1"]
[EndTime "10:29:28 PDT"]
[Termination "FabianoCaruana won on time"]

1. d4 Nf6 2. c4 Nc6 3. Nc3 e5 4. d5 Ne7 5. a3 Ng6 6. h4 h5 7. Bg5 d6 8. e3 Be7 9. Bd3 Nf8 10. Qc2 Ng4 11. Bxe7 Qxe7 12. Nf3 Nd7 13. Ng5 Nc5 14. b4 Nxd3+ 15. Qxd3 Bd7 16. e4 f6 17. Nf3 g6 18.
Nd1 O-O 19. Ne3 Nh6 20. Rc1 a6 21. Qc2 f5 22. Ng5 f4 23. Nf1 c6 24. Nd2 cxd5 25. exd5 Bf5 26. Nde4 Rac8 27. O-O Nf7 28. Nf3 Rc7 29.
Qe2 Rfc8 30. c5 Kg7 31. cxd6 Nxd6 32. Rxc7 Rxc7 33. Nc5 Nf7 34. Ng5 Nxg5 35. hxg5 Qd6 36.
Rd1 Bg4 37. f3 Bf5 38. Ne4 Qb6+ 39. Kh2 Qe3 40. Qxe3 fxe3 41. Re1 Rd7 42. Rxe3 Rxd5 43. Nf6 Rd3 44. Rxe5 Kf7 45. Rc5 Rxa3 46. Rc7+ Ke6 47. Rxb7 Ra2 48. Rb6+ Ke5 49. Kg3 h4+ 50. Kxh4 Rxg2 51.
Ne4 Kf4 0-1

[Event "*** SCC Grand Prix: Titled Tuesday Blitz"]
[Site "Chess.com"]
[Date "2020.07.14"]
[Round "3"]
[White "TimofeevAr"]
[Black "KonstantinB_1983"]
[Result "1-0"]
[WhiteElo "2783"]
[BlackElo "2435"]
[TimeControl "180+1"]
[EndTime "10:29:28 PDT"]
[Termination "TimofeevAr won by resignation"]

1. c4 c6 2. Nf3 d5 3. e3 Nf6 4.
Nc3 a6 5. a4 Bf5 6. Qb3 Ra7 7. d4 e6 8. Be2 Bd6 9. O-O Nbd7 10. Qd1 h6 11. Bd3 Bxd3 12. Qxd3 O-O 13. e4 dxe4 14. Nxe4 Nxe4 15. Qxe4 Nf6 16. Qe2 Ra8 17. Be3 Qc7 18. h3 Rfe8 19. Rfe1 c5 20. Rad1 Rac8 21. b3 Red8 22. Rd3 cxd4 23. Bxd4 Be7 24.
Red1 Qa5 25. Ne5 Qc7 26. Nf3 Qa5 27. g3 Qf5 28. Kg2 Qe4 29. Qxe4 Nxe4 30. Bb6 Rxd3 31. Rxd3 Rc6 32. a5 Rd6 33. Rxd6 Bxd6 34. Nd4 Kf8 35. Kf3 Nf6 36. Ke3 Ke7 37. c5 Nd5+ 38. Kd3 Be5 39.
c6 bxc6 40. Nxc6+ Kd6 41. Nxe5 Kxe5 42. Bd4+ Kd6 43. Bxg7 h5 44. Kc4 Kc6 45. Bd4 Ne7 46. b4 Nf5 47. Bc5 Ng7 48. b5+ axb5+ 49. Kb4 Ne8 50. a6 Nc7 51. a7 Na6+ 52. Ka5 Nc7 53. Bb6 Na8 54. Bd4 f5 55. f3 Nc7 56. g4 fxg4 57.
fxg4 hxg4 58. hxg4 Na8 59. g5 Kd5 60. g6 e5 61.
Bxe5 1-0

[Event "*** SCC Grand Prix: Titled Tuesday Blitz"]
[Site "Chess.com"]
[Date "2020.07.14"]
[Round "3"]
[White "AleksanderHnydiuk"]
[Black "Steven_Rojas"]
[Result "1-0"]
[WhiteElo "2585"]
[BlackElo "2396"]
[TimeControl "180+1"]
[EndTime "10:29:28 PDT"]
[Termination "AleksanderHnydiuk won by resignation"]

1. Nf3 Nf6 2. c4 e6 3. g3 d5 4.
d4 Be7 5. Bg2 O-O 6. Qc2 dxc4 7.
Qxc4 a6 8. Qc2 b5 9. Ne5 Ra7 10. O-O Bb7 11. Bxb7 Rxb7 12. Rd1 Nfd7 13. Nxd7 Nxd7 14.
Nc3 Nf6 15. Bg5 Nd5 16. Bxe7 Qxe7 17. Rac1 Nxc3 18. Qxc3 Rc8 19. Qc6 Ra7 20. e3 Kf8 21.
d5 exd5 22. Rxd5 Raa8 23. Rd7 Qe5 24. Rcd1 Qxb2 25. Rxc7 Rd8 26. Rcd7 Rxd7 27. Qxa8+ Ke7 28. Qe4+ Kd8 29. Qa8+ Ke7 30. Rxd7+ Kxd7 31. Qa7+ Ke8 32. Qxa6 Qb1+ 33. Kg2 Qe4+ 34. Kf1 Qd3+ 35. Ke1 Qb1+ 36.
Kd2 Qb2+ 37. Kd3 Qxf2 38. Qxb5+ Ke7 39. Qc5+ Kd7 40. Qd5+ Ke7 41. Qe5+ Kf8 42. Qb8+ Ke7 43. Qb4+ Ke8 44. Qa4+ Ke7 45. Qb4+ Ke8 46. a4 Qf1+ 47.
Kd4 Qf6+ 48. Kc4 Qe6+ 49. Kb5 Qd5+ 50. Kb6 Qe6+ 51. Ka7 Qxe3+ 52. Ka6 Qe6+ 53. Qb6 Qc4+ 54. Qb5+ Qxb5+ 55. axb5 Kd7 56. b6 Kc8 57. Ka7 Kd7 1-0

[Event "*** SCC Grand Prix: Titled Tuesday Blitz"]
[Site "Chess.com"]
[Date "2020.07.14"]
[Round "3"]
[White "talman67"]
[Black "Miss_JJ20"]
[Result "0-1"]
[WhiteElo "2473"]
[BlackElo "2275"]
[TimeControl "180+1"]
[EndTime "10:29:28 PDT"]
[Termination "Miss_JJ20 won on time"]

1. e4 c6 2. d4 d5 3. e5 Bf5 4. Nf3 e6 5. Be2 Nd7 6. O-O c5 7. c4 Ne7 8. Nc3 dxc4 9. d5 exd5 10. Nxd5 Nxd5 11. Qxd5 Qb6 12. Bxc4 Be6 13. Qd3 Be7 14.
Rd1 Rd8 15. Bxe6 Qxe6 16. Qe4 O-O 17. Bf4 b5 18. a4 b4 19. h3 Nf6 20. Qb7 Nd5 21.
Bg3 a6 22. Rxd5 Rxd5 23. Rc1 Rfd8 24. a5 h6 25. Kh2 Rd1 26. Rxd1 Rxd1 27. Qa8+ Rd8 28.
Qe4 Qd5 29. Qf5 c4 30. Bh4 Bxh4 31. Nxh4 Re8 32. f4 c3 33. bxc3 bxc3 34. Qg4 Qe6 35. Nf5 Qg6 36. Ne7+ Rxe7 37. Qc8+ Kh7 38. Qxc3 Qf5 39.
Qf3 g5 40. g3 gxf4 41. gxf4 Rxe5 42. Qf2 Re4 43. Kg3 Qg6+ 44. Kh2 Qf5 45. Kg3 h5 46. Qf3 h4+ 47. Kh2 Rxf4 0-1

[Event "*** SCC Grand Prix: Titled Tuesday Blitz"]
[Site "Chess.com"]
[Date "2020.07.14"]
[Round "3"]
[White "Oleksandr_Bortnyk"]
[Black "Paladin61"]
[Result "1-0"]
[WhiteElo "2938"]
[BlackElo "2654"]
[TimeControl "180+1"]
[EndTime "10:29:29 PDT"]
[Termination "Oleksandr_Bortnyk won by resignation"]

1. e4 c5 2. c3 d5 3. exd5 Qxd5 4. d4 Nc6 5. Be3 Bf5 6. dxc5 Qxd1+ 7. Kxd1 Nf6 8. Nf3 O-O-O+ 9. Nbd2 Nd5 10. Bb5 f6 11. Rc1 e5 12. b4 g5 13. h3 h5 14. Ke2 Be7 15. Nc4 Kc7 16. Rhd1 Be6 17. Nfd2 Bf5 18. f3 g4 19. h4 Rhg8 20. Kf2 gxf3 21. gxf3 Bh3 22.
Rg1 f5 23. Bg5 Bxg5 24. hxg5 Nf4 25. Nd6 h4 26. Bc4 Rg7 27. Rce1 a6 28. a4 Rh8 29.
Re3 Bg2 30. Nf7 Rf8 31. Rxg2 Nxg2 32. Kxg2 Rfxf7 33. Bxf7 Rxf7 34. Kh3 Rh7 35. Nc4 e4 36.
fxe4 fxe4 37. Rxe4 Kd7 38. Rxh4 Rf7 39. Rg4 Rf3+ 40.
Rg3 Rf4 41. Nd6 Ne5 42. g6 Rf1 43. g7 1-0

[Event "*** SCC Grand Prix: Titled Tuesday Blitz"]
[Site "Chess.com"]
[Date "2020.07.14"]
[Round "3"]
[White "GOGIEFF"]
[Black "chessplayer9919"]
[Result "0-1"]
[WhiteElo "2889"]
[BlackElo "2650"]
[TimeControl "180+1"]
[EndTime "10:29:29 PDT"]
[Termination "chessplayer9919 won on time"]

1. d4 Nf6 2. c4 c5 3. d5 b5 4. cxb5 a6 5. bxa6 g6 6. Nc3 Bg7 7. e4 O-O 8. Bd2 d6 9. Nf3 Bxa6 10. Bxa6 Nxa6 11. O-O Qb6 12. Rb1 Rfb8 13. b3 Nb4 14. a4 Qa6 15. Nb5 Nxe4 16. Bxb4 cxb4 17. Nc7 Qb7 18.
Nxa8 Nc3 19. Qd3 Nxb1 20. Rxb1 Rxa8 21. Rc1 Bc3 22. h4 Ra5 23. Rd1 Rc5 24. Ng5 Qc8 25. Ne4 Rc7 26. h5 Bg7 27. Qd2 Qg4 28. f3 Qxh5 29.
a5 Qe5 30. Qxb4 Rc2 31. a6 Ra2 32. a7 Qb2 33. Rd2 Qa1+ 34. Kh2 Be5+ 35. Ng3 Rxa7 36.
f4 Bf6 37. Ne4 Kg7 38. Rc2 Ra2 39. Rxa2 Qxa2 40. Nxf6 Kxf6 41. Qd4+ e5 42. fxe5+ dxe5 43. Qb6+ Kg7 44. d6 Qd2 45. Qc5 Qf4+ 46. Kg1 Qe4 47. b4 Qb1+ 0-1

[Event "*** SCC Grand Prix: Titled Tuesday Blitz"]
[Site "Chess.com"]
[Date "2020.07.14"]
[Round "3"]
[White "awesomevishesh"]
[Black "x-3738459472"]
[Result "0-1"]
[WhiteElo "2351"]
[BlackElo "2547"]
[TimeControl "180+1"]
[EndTime "10:29:29 PDT"]
[Termination "x-3738459472 won on time"]

1. d4 Nf6 2. c4 c5 3. d5 e5 4. Nc3 d6 5. e4 Be7 6. h3 Nbd7 7.
Be3 Nf8 8. Nf3 Ng6 9. Qd2 h5 10. Bd3 h4 11. Bc2 Nh5 12. Ba4+ Kf8 13. Ne2 Nhf4 14. Bxf4 exf4 15. O-O Bf6 16. Nxf4 Nxf4 17. Qxf4 Bxb2 18. Rab1 Qf6 19. Qd2 Ba3 20. Qe3 Bb2 21. Qb3 Bc3 22. Rfc1 Ba5 23. Qe3 Rh5 24. e5 Rxe5 25. Nxe5 Qxe5 26. Qxe5 dxe5 27. Rb3 Ke7 28. Rb5 b6 29. Rb3 Kd6 30. Bc6 Rb8 31. Rd1 Ba6 32. Rc1 f5 33. f3 g5 34. Kf2 Rf8 35. Ke2 e4 36. fxe4 fxe4 37. Re3 Rf4 38. Rc2 Bc8 39. Rc1 g4 40. Rf1 Rxf1 41. Kxf1 Ke5 42. hxg4 Bxg4 43.
Ba4 Bd2 44. Kf2 Bxe3+ 45. Kxe3 a6 46. Bc2 Bf5 47. Ba4 Bg6 48. Bc6 Bh5 49. Bb7 a5 50.
Ba6 Bd1 51. Bb5 Bc2 52. a3 Bd3 53. Ba6 Bf1 54. Kf2 Bd3 55. Ke3 Bc2 56. Bb5 Bb3 57. Ba6 Ba4 58. Bc8 b5 59. cxb5 Bxb5 60. Bb7 c4 61. d6 Kxd6 62. Bxe4 Bc6 63. Bc2 Bxg2 64.
Kd4 h3 65. Bf5 h2 0-1

[Event "*** SCC Grand Prix: Titled Tuesday Blitz"]
[Site "Chess.com"]
[Date "2020.07.14"]
[Round "3"]
[White "tan275"]
[Black "SilviusTiberius"]
[Result "0-1"]
[WhiteElo "2275"]
[BlackElo "2490"]
[TimeControl "180+1"]
[EndTime "10:29:29 PDT"]
[Termination "SilviusTiberius won by resignation"]

1. d4 Nf6 2. c4 g6 3. g3 Bg7 4. Bg2 O-O 5. Nf3 d6 6. Nc3 Nc6 7. O-O Rb8 8. b3 a6 9. Bb2 b5 10. d5 Na5 11. cxb5 axb5 12. Qd3 Bf5 13. Qd2 b4 14. Na4 Be4 15. Rac1 Nxd5 16. Bxg7 Kxg7 17. Qd4+ Nf6 18. Rfd1 c5 19. Qb2 Qc7 20. g4 Kg8 21.
g5 Nh5 22. e3 Qb7 23. Ne1 f5 24. f3 Bc6 25. Kf2 f4 26. e4 Qa7 27. Bh3 Ng7 28. Kg2 c4 29. e5 c3 30. Qe2 Bxa4 31.
bxa4 Qe3 32. Qxe3 fxe3 33. Nd3 Rfc8 34. exd6 exd6 35. Re1 Rc4 36. Rxe3 b3 37. axb3 Nxb3 38. Rc2 Nd4 39. Rc1 c2 40. Ree1 Nh5 41. Re2 Rb3 42. Rexc2 Nxc2 43. Be6+ Kg7 44. Bxc4 Rc3 45. Rxc2 Rxc2+ 46. Kf1 Rxc4 0-1

[Event "*** SCC Grand Prix: Titled Tuesday Blitz"]
[Site "Chess.com"]
[Date "2020.07.14"]
[Round "3"]
[White "TigrVShlyape"]
[Black "Undisputed92"]
[Result "1-0"]
[WhiteElo "2869"]
[BlackElo "2616"]
[TimeControl "180+1"]
[EndTime "10:29:30 PDT"]
[Termination "TigrVShlyape won by resignation"]

1. d4 d5 2. Nf3 c6 3. Bf4 g6 4.
h3 Bg7 5. e3 Nf6 6. c4 O-O 7.
Nc3 a5 8. Be2 dxc4 9. Bxc4 Nbd7 10. a4 Nb6 11. Bb3 Bf5 12. O-O Ne4 13. Be5 Nxc3 14.
bxc3 Qc8 15. Qe2 Be6 16. Rfb1 Bxb3 17. Rxb3 Nd7 18. Bh2 b6 19. Rab1 Qa6 20. Qxa6 Rxa6 21. Nd2 Rc8 22. Kf1 b5 23. axb5 cxb5 24. Rxb5 Rxc3 25.
Rb7 Nf6 26. Rxe7 Bf8 27. Rb8 Kg7 28. Rc7 Rxc7 29. Bxc7 a4 30. Be5 a3 31. Rb1 a2 32.
Ra1 Be7 33. Ne4 g5 34. Ke2 Kg6 35. Nxf6 Bxf6 36. Bxf6 Kxf6 37. Kd3 h5 38. Kc3 Kg6 39. Kb3 Rb6+ 40. Kxa2 Rf6 41. Rf1 g4 42. hxg4 hxg4 43. Kb3 Kf5 44. f3 Re6 45. e4+ Kf4 46. Kc4 g3 47. d5 Ra6 48. Rd1 Ra2 49. d6 Ra8 50. d7 Rd8 51. Kc5 Ke3 52. Kc6 Ke2 53. Ra1 Kf2 54. Ra2+ 1-0

[Event "*** SCC Grand Prix: Titled Tuesday Blitz"]
[Site "Chess.com"]
[Date "2020.07.14"]
[Round "3"]
[White "DonPreuss"]
[Black "TokChess"]
[Result "0-1"]
[WhiteElo "2191"]
[BlackElo "2425"]
[TimeControl "180+1"]
[EndTime "10:29:30 PDT"]
[Termination "TokChess won by checkmate"]

1. d4 e6 2. e4 d5 3. Nc3 Nc6 4. exd5 exd5 5. Be3 Nf6 6. a3 Bf5 7. Nge2 Qd7 8. Ng3 Bg6 9. Bd3 O-O-O 10. h4 h5 11. Bxg6 fxg6 12. Qd3 Qf7 13. O-O-O Ng4 14. Nge2 Bd6 15. Bg5 Rde8 16. Qb5 a6 17. Qb3 Rhf8 18. Rhf1 Na5 19. Qxd5 Qxd5 20. Nxd5 Rxe2 21. f3 Nh2 22. Rfe1 Rxg2 23. Be7 Re8 24. Bxd6 Rxe1 25. Rxe1 cxd6 26. Kb1 Nxf3 27. Re7 Nxd4 28. Nb6+ Kb8 29. Re8+ Kc7 30. Nd5+ Kd7 31. Re7+ Kd8 32. Rxg7 Rg1+ 33. Ka2 Nxc2 34.
b4 Nc4 35. Kb3 N2e3 36. Nf6 Ne5 37. Rxb7 Nf5 38. Ra7 Nxh4 39. Rxa6 Nf5 40. a4 h4 41. Ra8+ Kc7 42. Rh8 g5 43. b5 Rb1+ 44. Kc3 Ra1 45. Kb4 Nd3+ 46. Kc3 Nc5 47. Nd5+ Kd7 48. Rh7+ Ke6 49.
Nc7+ Ke5 50. b6 Nxa4+ 51. Kd3 Nxb6 52. Ke2 Ra2+ 53. Kf3 Ra4 54. Rh8 g4+ 55. Kg2 Nd5 56. Re8+ Nde7 57. Rh8 Ra2+ 58. Kg1 h3 59. Rh7 h2+ 60.
Kh1 Ng3# 0-1

[Event "*** SCC Grand Prix: Titled Tuesday Blitz"]
[Site "Chess.com"]
[Date "2020.07.14"]
[Round "3"]
[White "Semen_Khanin"]
[Black "szachuspl"]
[Result "1-0"]
[WhiteElo "2767"]
[BlackElo "2514"]
[TimeControl "180+1"]
[EndTime "10:29:31 PDT"]
[Termination "Semen_Khanin won by resignation"]

1. e4 c5 2. Nf3 e6 3. d4 cxd4 4. Nxd4 Nc6 5. Nc3 a6 6. Be3 Nf6 7. Qf3 Bb4 8. Nxc6 bxc6 9. Bd3 d5 10. a3 Bd6 11. O-O-O O-O 12. g4 Rb8 13. Qh3 g6 14. Bg5 Be7 15. f4 Nd7 16. Bxe7 Qxe7 17. Qh6 Re8 18. h4 Qf8 19. Qxf8+ Nxf8 20. h5 Bd7 21. Bxa6 Bc8 22. Bd3 Nd7 23. hxg6 fxg6 24.
exd5 exd5 25. f5 Ne5 26. fxg6 hxg6 27. g5 Nxd3+ 28. Rxd3 Bf5 29. Rd2 Kg7 30. Rdh2 Kf7 31. Rh7+ Ke6 32. b4 Kd6 33. Na4 Re2 34. Nc5 Rxc2+ 35.
Kd1 Ra2 36. Re1 Ra1+ 37. Kd2 Rxe1 38. Kxe1 Re8+ 39. Kd2 Ra8 40. a4 Ke5 41. a5 Kf4 42. a6 Kxg5 43. a7 Kf4 44. Na4 g5 45. Rg7 g4 46.
Nb6 Rxa7 47. Rxa7 g3 48. Rg7 Bg4 49. Ke1 d4 50. Nc4 d3 51. Nd2 Bf5 52. Rc7 Bh3 53. Rxc6 Ke3 54. Rg6 g2 55. Rg3+ Kf4 56. Kf2 g1=Q+ 57.
Rxg1 1-0

[Event "*** SCC Grand Prix: Titled Tuesday Blitz"]
[Site "Chess.com"]
[Date "2020.07.14"]
[Round "3"]
[White "Mikhal867"]
[Black "Volodar_Murzin"]
[Result "1-0"]
[WhiteElo "2403"]
[BlackElo "2695"]
[TimeControl "180+1"]
[EndTime "10:29:31 PDT"]
[Termination "Mikhal867 won on time"]

1. c4 Nf6 2. Nc3 g6 3. e4 d6 4. d4 Bg7 5. f3 O-O 6. Be3 e5 7.
Nge2 Nc6 8. Qd2 Nd7 9. d5 Ne7 10.
O-O-O f5 11. Kb1 b6 12. h3 f4 13. Bf2 a5 14. Nb5 Nf6 15. Nc1 Bd7 16. a4 Nh5 17.
Bd3 Bf6 18. Ne2 Nc8 19. Rc1 Rf7 20. b3 Be8 21. Kb2 Bh4 22. Bg1 Rg7 23. Ra1 Be7 24.
b4 Nf6 25. Bf2 Nd7 26. Nc1 axb4 27. Qxb4 Nc5 28. Rd1 c6 29. dxc6 Bxc6 30. Nb3 Nxd3+ 31. Rxd3 d5 32. c5 d4 33. Qc4+ Rf7 34. Bxd4 exd4 35. N3xd4 Bf6 36. Kb3 Bxb5 37. Nxb5 Qf8 38. Rc1 Qxc5 39.
Qxc5 bxc5 40. Rxc5 Nb6 41. e5 Bg7 42. Nc7 Rb8 43.
e6 Rxc7 44. Rxc7 Nd5+ 45. Kc4 Nxc7 46. e7 Bf6 47. Rd7 1-0